General information
- name: BNet
- type: Ladder team game (AT/RT)
- host: Battle.net
- saver: hernando
map: DragonFalls
- players: 8
- length: 18:13
- speed: Fast
- version: 1.21 W3XP
- replay type: Public
» download(148 KB)
Players
team 1 (loser)

»
BullsnBears (
green | 33 APM | 596 actions | 18:06)
3 Dreadlord
2 Vampiric Aura
1 Sleep
2 Death Knight
1 Death Coil
1 Unholy Aura
» actions
| Build / train | 63 | |
| Enter build submenu | 16 | |
| Enter hero's abilities submenu | 5 | |
| Right click | 317 | |
| Select / deselect | 167 | |
| Use ability | 28 | |
596 total
» units
| Acolyte | 8 | |
| Ghoul | 12 | |
| Crypt Fiend | 7 | |
| Obsidian Statue | 1 | |
| Abomination | 3 | |
| Frost Wyrm | 3 | |
34 total
» upgrades
| Creature Attack | 3 | |
| Web | 1 | |
| Unholy Strength | 2 | |
| Unholy Armor | 2 | |
| Freezing Breath | 1 | |
| Disease Cloud | 1 | |
| Creature Carapace | 1 | |
11 total
» buildings
| Crypt | 1 | |
| Altar of Darkness | 1 | |
| Ziggurat | 8 | |
| Tomb of Relics | 1 | |
| Nerubian Tower | 2 | |
| Graveyard | 1 | |
| Spirit Tower | 3 | |
| Halls of the Dead | 1 | |
| Black Citadel | 1 | |
| Slaughterhouse | 1 | |
| Sacrificial Pit | 1 | |
| Boneyard | 1 | |
22 total
» build order
00:15 Crypt
00:18 Altar of Darkness
00:42 Ziggurat
00:55 Tomb of Relics
01:29 Ziggurat
01:52 Nerubian Tower
02:38 Graveyard
04:08 Spirit Tower
05:29 Ziggurat
05:34 Ziggurat
06:01 Halls of the Dead
07:49 Ziggurat
07:51 Ziggurat
07:57 Spirit Tower
08:12 Spirit Tower
08:24 Black Citadel
09:01 Slaughterhouse
09:06 Sacrificial Pit
10:57 Boneyard
13:10 Nerubian Tower
15:03 Ziggurat
15:06 Ziggurat
» items
| Rod of Necromancy | 2 | |
| Scroll of Town Portal | 1 | |
| Orb of Corruption | 1 | |
4 total
Schnell (
teal | 68 APM | 1140 actions | 16:42)
3 Archmage
2 Summon Water Elemental
1 Brilliance Aura
1 Mountain King
1 Storm Bolt
» actions
| Assign group hotkey | 89 | |
| Basic commands | 40 | |
| Build / train | 66 | |
| ESC pressed | 8 | |
| Enter build submenu | 24 | |
| Enter hero's abilities submenu | 4 | |
| Right click | 345 | |
| Select / deselect | 286 | |
| Select group hotkey | 214 | |
| Use ability | 64 | |
1140 total
» units
| Peasant | 18 | |
| Footman | 13 | |
| Knight | 4 | |
| Priest | 3 | |
| Sorceress | 3 | |
41 total
» upgrades
| Defend | 1 | |
| Sorceress Training | 2 | |
| Priest Training | 2 | |
| Animal War Training | 1 | |
| Lumber Harvesting | 2 | |
8 total
» buildings
| Altar of Kings | 1 | |
| Farm | 10 | |
| Barracks | 1 | |
| Town Hall | 2 | |
| Arcane Vault | 1 | |
| Lumber Mill | 1 | |
| Keep | 1 | |
| Blacksmith | 1 | |
| Scout Tower | 4 | |
| Arcane Sanctum | 2 | |
| Castle | 1 | |
| Guard Tower | 1 | |
| Arcane Tower | 2 | |
28 total
» build order
00:03 Altar of Kings
00:08 Farm
00:27 Barracks
01:03 Farm
01:39 Farm
02:22 Farm
03:35 Farm
03:47 Town Hall
03:57 Arcane Vault
05:07 Lumber Mill
06:12 Keep
07:12 Farm
07:14 Farm
07:20 Town Hall
08:22 Blacksmith
08:25 Scout Tower
08:30 Farm
09:17 Arcane Sanctum
09:18 Arcane Sanctum
09:56 Castle
10:03 Scout Tower
10:06 Guard Tower
10:53 Arcane Tower
11:55 Scout Tower
12:28 Scout Tower
12:29 Arcane Tower
13:45 Farm
15:00 Farm
» items
| Scroll of Regeneration | 4 | |
| Lesser Clarity Potion | 1 | |
| Orb of Fire | 1 | |
6 total
K20aTypeR (
yellow | 47 APM | 848 actions | 18:10)
3 Demon Hunter
2 Evasion
1 Mana Burn
2 Keeper of the Grove
1 Entangling Roots
1 Thorns Aura
» actions
| Assign group hotkey | 15 | |
| Build / train | 50 | |
| Enter build submenu | 23 | |
| Enter hero's abilities submenu | 5 | |
| Right click | 357 | |
| Select / deselect | 194 | |
| Select group hotkey | 159 | |
| Use ability | 45 | |
848 total
» units
» upgrades
| Strength of the Moon | 1 | |
| Moon Armor | 1 | |
| Ultravision | 1 | |
| Strength of the Wild | 3 | |
| Reinforced Hides | 2 | |
| Abolish Magic | 1 | |
| Druid of the Claw Training | 2 | |
| Well Spring | 1 | |
| Mark of the Claw | 1 | |
| Nature's Blessing | 1 | |
14 total
» buildings
| Altar of Elders | 1 | |
| Moon Well | 9 | |
| Ancient of War | 2 | |
| Ancient of Wonders | 1 | |
| Hunter's Hall | 1 | |
| Tree of Ages | 1 | |
| Ancient of Lore | 2 | |
| Tree of Eternity | 1 | |
| Tree of Life | 1 | |
| Ancient of Wind | 4 | |
| Ancient Protector | 1 | |
24 total
» build order
00:13 Altar of Elders
00:19 Moon Well
00:30 Ancient of War
01:44 Ancient of War
02:03 Ancient of Wonders
02:15 Moon Well
02:36 Hunter's Hall
02:55 Moon Well
06:03 Tree of Ages
06:46 Moon Well
07:51 Moon Well
08:53 Ancient of Lore
08:59 Ancient of Lore
10:06 Tree of Eternity
11:29 Moon Well
13:25 Tree of Life
13:45 Moon Well
14:02 Moon Well
15:09 Moon Well
16:39 Ancient of Wind
16:45 Ancient of Wind
16:53 Ancient of Wind
17:06 Ancient of Wind
17:19 Ancient Protector
» items
MM.mk (
pink | 67 APM | 1213 actions | 18:01)
5 Mountain King
3 Storm Bolt
2 Bash
1 Paladin
1 Holy Light
» actions
| Assign group hotkey | 28 | |
| Build / train | 57 | |
| ESC pressed | 1 | |
| Enter build submenu | 14 | |
| Enter hero's abilities submenu | 6 | |
| Give item / drop item | 6 | |
| Right click | 440 | |
| Select / deselect | 253 | |
| Select group hotkey | 370 | |
| Use ability | 38 | |
1213 total
» units
| Peasant | 10 | |
| Footman | 3 | |
| Rifleman | 17 | |
| Mortar Team | 5 | |
35 total
» upgrades
| Long Rifles | 2 | |
| Gunpowder | 2 | |
| Armor | 2 | |
| Flare | 1 | |
7 total
» buildings
| Altar of Kings | 1 | |
| Farm | 8 | |
| Barracks | 2 | |
| Blacksmith | 1 | |
| Arcane Vault | 1 | |
| Keep | 1 | |
| Workshop | 1 | |
15 total
» build order
00:23 Altar of Kings
00:38 Farm
00:53 Barracks
01:15 Farm
01:52 Farm
02:02 Blacksmith
02:32 Farm
02:37 Barracks
03:19 Farm
03:37 Arcane Vault
04:30 Keep
04:33 Farm
07:37 Workshop
08:57 Farm
09:57 Farm
» items
| Scroll of Regeneration | 2 | |
| Scroll of Town Portal | 1 | |
| Periapt of Vitality | 1 | |
| Potion of Lesser Invulnerability | 1 | |
| Orb of Fire | 1 | |
6 total
team 2 (winner)
hernando (
blue | 61 APM | 1114 actions | 18:13)
5 Blood Mage
3 Flame Strike
1 Siphon Mana
1 Banish
» actions
| Assign group hotkey | 14 | |
| Basic commands | 10 | |
| Build / train | 49 | |
| Enter build submenu | 20 | |
| Enter hero's abilities submenu | 5 | |
| Give item / drop item | 1 | |
| Remove unit from queue | 1 | |
| Right click | 532 | |
| Select / deselect | 190 | |
| Select group hotkey | 218 | |
| Use ability | 74 | |
1114 total
» units
| Peasant | 7 | |
| Footman | 6 | |
| Sorceress | 4 | |
| Priest | 3 | |
| Spell Breaker | 4 | |
24 total
» upgrades
| Defend | 1 | |
| Sorceress Training | 2 | |
| Priest Training | 2 | |
| Magic Sentry | 1 | |
| Control Magic | 1 | |
7 total
» buildings
| Altar of Kings | 1 | |
| Farm | 8 | |
| Lumber Mill | 1 | |
| Barracks | 1 | |
| Keep | 1 | |
| Arcane Vault | 2 | |
| Arcane Sanctum | 2 | |
| Castle | 1 | |
| Scout Tower | 6 | |
| Guard Tower | 2 | |
| Town Hall | 1 | |
26 total
» build order
00:10 Altar of Kings
00:19 Farm
00:25 Farm
00:29 Lumber Mill
00:38 Barracks
01:38 Farm
02:23 Farm
02:28 Farm
03:17 Keep
03:36 Arcane Vault
03:43 Arcane Vault
04:42 Farm
04:44 Farm
06:13 Arcane Sanctum
06:15 Arcane Sanctum
07:47 Castle
11:59 Scout Tower
12:00 Scout Tower
12:01 Scout Tower
12:01 Scout Tower
12:02 Scout Tower
12:03 Scout Tower
13:34 Guard Tower
14:44 Town Hall
14:58 Farm
15:02 Guard Tower
» items
| Lesser Clarity Potion | 2 | |
| Mechanical Critter | 1 | |
| Potion of Healing | 1 | |
| Potion of Mana | 1 | |
| Scroll of Town Portal | 1 | |
| Staff of Sanctuary | 1 | |
7 total
lio (
red | 61 APM | 1108 actions | 18:11)
4 Paladin
2 Holy Light
2 Divine Shield
4 Mountain King
2 Storm Bolt
2 Bash
2 Archmage
1 Brilliance Aura
1 Summon Water Elemental
» actions
| Assign group hotkey | 22 | |
| Basic commands | 10 | |
| Build / train | 83 | |
| ESC pressed | 2 | |
| Enter build submenu | 26 | |
| Enter hero's abilities submenu | 10 | |
| Give item / drop item | 5 | |
| Right click | 281 | |
| Select / deselect | 217 | |
| Select group hotkey | 370 | |
| Use ability | 82 | |
1108 total
» units
| Peasant | 19 | |
| Footman | 8 | |
| Gryphon Rider | 4 | |
31 total
» upgrades
| Defend | 1 | |
| Lumber Harvesting | 2 | |
| Masonry | 3 | |
| Storm Hammers | 1 | |
| Swords | 3 | |
| Armor | 3 | |
| Animal War Training | 1 | |
14 total
» buildings
| Barracks | 1 | |
| Farm | 11 | |
| Altar of Kings | 1 | |
| Scout Tower | 8 | |
| Arcane Tower | 3 | |
| Arcane Vault | 1 | |
| Keep | 1 | |
| Town Hall | 1 | |
| Lumber Mill | 1 | |
| Guard Tower | 3 | |
| Castle | 1 | |
| Gryphon Aviary | 4 | |
| Blacksmith | 3 | |
39 total
» build order
00:28 Barracks
00:44 Farm
00:59 Altar of Kings
01:13 Farm
01:51 Farm
01:59 Farm
02:07 Scout Tower
02:17 Farm
02:35 Arcane Tower
02:36 Arcane Tower
03:25 Arcane Vault
04:10 Keep
04:59 Town Hall
05:04 Scout Tower
05:05 Scout Tower
05:07 Scout Tower
05:08 Scout Tower
05:09 Scout Tower
05:31 Lumber Mill
05:36 Scout Tower
05:37 Scout Tower
06:32 Guard Tower
07:53 Guard Tower
08:10 Guard Tower
08:21 Castle
08:31 Farm
08:31 Farm
08:32 Farm
08:32 Farm
08:32 Farm
08:32 Farm
08:58 Gryphon Aviary
09:00 Gryphon Aviary
09:54 Gryphon Aviary
09:57 Gryphon Aviary
11:13 Blacksmith
11:15 Blacksmith
11:54 Blacksmith
» items
| Lesser Clarity Potion | 4 | |
| Scroll of Regeneration | 2 | |
| Periapt of Vitality | 2 | |
| Circlet of Nobility | 2 | |
| Scroll of Town Portal | 2 | |
| Staff of Sanctuary | 1 | |
| Orb of Fire | 1 | |
| Scroll of Protection | 1 | |
15 total
Entropede (
orange | 55 APM | 1008 actions | 18:11)
7 Warden
3 Fan of Knives
3 Blink
1 Spirit of Vengeance
» actions
| Assign group hotkey | 23 | |
| Build / train | 54 | |
| Enter build submenu | 15 | |
| Enter hero's abilities submenu | 7 | |
| Remove unit from queue | 1 | |
| Right click | 439 | |
| Select / deselect | 174 | |
| Select group hotkey | 252 | |
| Use ability | 43 | |
1008 total
» units
» upgrades
| Improved Bows | 1 | |
| Strength of the Moon | 2 | |
| Moon Armor | 2 | |
| Ultravision | 0 | |
| Hippogryph Taming | 1 | |
| Marksmanship | 1 | |
| Reinforced Hides | 1 | |
8 total
» buildings
| Altar of Elders | 1 | |
| Moon Well | 7 | |
| Ancient of War | 2 | |
| Tree of Ages | 1 | |
| Tree of Eternity | 1 | |
| Ancient of Wind | 2 | |
| Hunter's Hall | 1 | |
15 total
» build order
00:21 Altar of Elders
00:36 Moon Well
01:18 Ancient of War
01:35 Moon Well
02:07 Ancient of War
02:15 Moon Well
04:22 Tree of Ages
05:00 Moon Well
07:57 Tree of Eternity
08:02 Ancient of Wind
08:06 Ancient of Wind
08:23 Hunter's Hall
09:44 Moon Well
09:45 Moon Well
12:03 Moon Well
» items
| Scroll of Town Portal | 1 | |
| Potion of Healing | 1 | |
2 total

»
NightSky (
purple | 29 APM | 528 actions | 18:11)
5 Firelord
3 Soul Burn
2 Summon Lava Spawn
» actions
| Assign group hotkey | 5 | |
| Basic commands | 10 | |
| Build / train | 61 | |
| Enter build submenu | 14 | |
| Enter hero's abilities submenu | 5 | |
| Give item / drop item | 1 | |
| Remove unit from queue | 7 | |
| Right click | 169 | |
| Select / deselect | 206 | |
| Select group hotkey | 17 | |
| Use ability | 33 | |
528 total
» units
| Wisp | 22 | |
| Huntress | 12 | |
| Chimaera | 2 | |
36 total
» upgrades
| Strength of the Wild | 3 | |
| Reinforced Hides | 3 | |
| Ultravision | 1 | |
| Sentinel | 1 | |
| Well Spring | 1 | |
| Nature's Blessing | 1 | |
| Corrosive Breath | 1 | |
11 total
» buildings
| Moon Well | 8 | |
| Altar of Elders | 1 | |
| Ancient of War | 1 | |
| Hunter's Hall | 1 | |
| Ancient Protector | 2 | |
| Tree of Ages | 1 | |
| Ancient of Wonders | 1 | |
| Tree of Eternity | 1 | |
| Ancient of Wind | 1 | |
| Chimaera Roost | 3 | |
20 total
» build order
00:17 Moon Well
00:20 Altar of Elders
01:14 Ancient of War
01:39 Moon Well
02:15 Hunter's Hall
05:32 Moon Well
05:33 Moon Well
05:36 Moon Well
05:37 Moon Well
07:50 Ancient Protector
08:01 Ancient Protector
09:43 Tree of Ages
11:12 Ancient of Wonders
12:51 Tree of Eternity
12:56 Ancient of Wind
15:16 Chimaera Roost
15:17 Chimaera Roost
15:18 Chimaera Roost
17:59 Moon Well
18:00 Moon Well
» items
Chat log
(00:46 / Allies) NightSky: plan?
(00:51 / Allies) hernando: what u goin red?
(00:59 / Allies) Entropede: archers
(01:03 / Allies) Entropede: hippo riders
(01:04 / Allies) lio: foot to air
(01:08 / Allies) hernando: casters here then
(01:34 / Allies) NightSky: pfft ill get dryads n bears
(03:58 / Allies) hernando: red
(04:50 / Allies) NightSky: wow
(04:52 / Allies) hernando: thx
(04:56 / Allies) NightSky: way to steal my creeps
(05:46 / Allies) hernando: im gonna burn all of greens trees lol
(06:33 / All) Schnell: FUCKING
(06:35 / All) Schnell: PATHS
(08:02 / Allies) lio: lumber plz
(08:35 / Allies) hernando: ez access
(08:59 / Allies) NightSky: my god orange you are pissing me off
(09:07 / Allies) Entropede: ?
(10:44 / Allies) hernando: lest get him oj
(12:44 / Allies) hernando: nice oj
(13:54 / Allies) lio: get mellee purp
(14:13 / Allies) NightSky: ......................
(14:15 / Allies) NightSky: wow
(14:54 / Allies) hernando: so yall ready 2 roll
(15:22 / Allies) hernando: purp..
(15:27 / Allies) hernando: cmon
(15:28 / Allies) NightSky: what
(16:25 / Allies) hernando: lol
(16:53 / Allies) hernando: nice
(17:10 / Allies) hernando: meh
(17:25 / All) lio: nice green
(17:42 / All) lio: very nice green
(17:55 / All) hernando: ya u almost took out half of his main! good work